 Dungeon Crawl Stone Soup version 0.30-a0-772-g5528072125 (webtiles) character file.

Game seed: 15243766674192142295

1591 Dirtsage the Carver (level 8, -3/65 HPs)
             Began as a Merfolk Monk on Feb 12, 2023.
             Was a Believer of Wu Jian.
             Slain by a profane servitor
             ... wielding a +3 demon whip
              (13 damage)
             ... on level 1 of the Abyss.
             The game lasted 00:13:51 (5710 turns).

Dirtsage the Carver (Merfolk Monk)                  Turns: 5710, Time: 00:13:51

Health: -3/65      AC:  6    Str: 12    XL:     8   Next: 93%
Magic:  0/7        EV: 19    Int:  6    God:    Wu Jian [**....]
Gold:   312        SH:  4    Dex: 18    Spells: 7/7 levels left

rFire   . . .      SeeInvis .    a - +0 falchion
rCold   . . .      Faith    .    (no shield)
rNeg    + . .      Spirit   +    B - +0 ring mail
rPois   .          Reflect  .    (no helmet)
rElec   .          Harm     .    o - +0 cloak
rCorr   .          Rampage  +    (no gloves)
Will    ++...                    (no boots)
Stlth   ++                       J - amulet of Ucaroite {Spirit Rampage Will++ Int-3}
HPRegen 0.30/turn                N - ring of positive energy
MPRegen 0.10/turn                I - +5 ring of evasion

@: no status effects
A: (nimble swimmer 2), mertail, large bone plates 1, low MP 1, no potion heal 1,
noise suppression
a: Renounce Religion, Wall Jump


You were on level 1 of the Abyss.
You worshipped Wu Jian.
Wu Jian was pleased with you.
You visited 2 branches of the dungeon, and saw 7 of its levels.
You visited the Abyss 1 time.

You collected 312 gold pieces.

Inventory:

Hand Weapons
 a - a +0 falchion (weapon)
 r - a +2 short sword of draining
Missiles
 C - 4 silver javelins (quivered)
Armour
 b - a +0 robe
 o - a +0 cloak (worn)
 p - a +0 scale mail
 q - a +0 leather armour
 B - a +0 ring mail (worn)
 F - a +0 kite shield
Magical Staves
 m - a staff of poison
Jewellery
 s - a +6 ring of intelligence
 v - a ring of magical power
 E - a ring of flight
 I - a +5 ring of evasion (right hand)
 J - the amulet of Ucaroite (around neck) {Spirit Rampage Will++ Int-3}
   (You found it on level 6 of the Dungeon)

   [amulet of guardian spirit]

   It causes incoming damage to be divided between your reserves of health and
   magic.
   Int:       It affects your intelligence (-3).
   Rampage:   It bestows one free step when moving towards enemies.
   Will:      It greatly increases your willpower.
 N - a ring of positive energy (left hand)
 W - a ring of wizardry
Wands
 z - a wand of flame (18)
Scrolls
 e - a scroll of enchant weapon {unknown}
 h - 2 scrolls of poison {unknown}
 i - 6 scrolls of teleportation {unknown}
 k - 2 scrolls of noise {unknown}
 w - 3 scrolls of identify {unknown}
 x - 2 scrolls of fog {unknown}
 y - 4 scrolls of amnesia {unknown}
 D - 3 scrolls of immolation {unknown}
 K - a scroll of blinking {unknown}
Potions
 c - a potion of ambrosia
 d - a potion of lignification
 f - a potion of curing {unknown}
 g - 2 potions of degeneration {unknown}
 j - 2 potions of brilliance {unknown}
 l - 2 potions of heal wounds
 n - a potion of berserk rage {unknown}
 t - 3 potions of mutation
 u - 2 potions of flight {unknown}
 A - 2 potions of might {unknown}
 G - a potion of haste {unknown}
 H - a potion of attraction {unknown}


   Skills:
 + Level 6.5 Fighting
 * Level 8.5 Long Blades
 + Level 7.8 Dodging
 - Level 4.5 Stealth
 * Level 3.4 Shields


You had 7 spell levels left.
You didn't know any spells.
Your spell library was empty.

Dungeon Overview and Level Annotations

Branches:
Dungeon (6/15)             Temple (1/1) D:4

Altars:
Cheibriados
Kikubaaqudgha
Ru
Wu Jian
Yredelemnul
The Shining One

Annotations:
D:5 Crazy Yiuf


Innate Abilities, Weirdness & Mutations

((You are very nimble when in or above water. (Stealth+, EV+, Speed+++)))
Your lower body shifts to a powerful aquatic tail in water.
You are partially covered in large bone plates. (SH +4)
Your magical capacity is low. (-10% MP)
Potions are less effective at restoring your health.
You passively dampen the noise of your surroundings.


Message History

i - 6 scrolls labelled PIELABA MAIREO (gained 1)
You now have 312 gold pieces (gained 18).
A smoke demon, a large abomination and a hell hog come into view.
The smoke demon roars!
You hear a horrible gurgling sound!
The hell hog squeals angrily.
A profane servitor comes into view. It is wielding a +3 demon whip.
The hell hog breathes fire at you.
The fireball explodes!
The fireball engulfs something!!
The fireball engulfs the large abomination!!
The fireball engulfs the hell hog.
The hell hog completely resists.
The fireball engulfs you!! Something hits you but does no damage.
Deactivating autopickup; reactivate with Ctrl-A.
An efreet comes into view.
It is wielding a +0 scimitar of flaming.
You see here a +0 club.
You take 27 damage, and have 35/65 hp.
MASSIVE DAMAGE!!
You now have 4/7 mp.
You rampage towards the large abomination!
A white ugly thing comes into view.
You hit the large abomination but do no damage.
The large abomination is heavily damaged.
Something barely misses you.
An angel comes into view.
It is wielding a +1 sacred scourge of holy wrath.
The large abomination hits you!
You take 8 damage, and have 27/65 hp.
You hit something. Something barely misses you. Something hits you.
A rakshasa comes into view. It is wielding a +0 long sword.
The smoke demon gestures at you. Something smites you!
* * * LOW HITPOINT WARNING * * *
The hell hog bites you but does no damage.
The white ugly thing claws you but does no damage.
You take 11 damage, and have 16/65 hp.
You now have 2/7 mp.
You hit something. The Council accepts your kill.
Reactivating autopickup.
You feel a bit more experienced. The hell hog completely misses you.
The large abomination hits you.
* * * LOW HITPOINT WARNING * * *
The white ugly thing misses you.
The profane servitor hits you with a +3 demon whip!
You die...

.# ###. . ...
.. #.. ##
...##.. #R##
......(#x☼$#
#....)#u#3#
#X@A######
#.#h#.....#
#[.A#.....♣.#
##?##..##♣♣
## #..# #..##
#...# ##..#
#..#


You could see a profane servitor, an angel, a white ugly thing, a hell hog, a
large abomination, a smoke demon, an efreet and an unseen horror (invisible).

Vanquished Creatures
  An unseen horror (Abyss:1)
  Duvessa (D:5)
  An orc warrior (D:5)
  2 ogres
  A centaur (D:5)
  4 phantoms
  A kobold brigand (D:5)
  2 water moccasin skeletons (D:4)
  Dowan (D:5)
  A bullfrog zombie (D:4)
  4 hounds
  2 iguanas
  2 orc wizards (D:3)
  2 scorpion zombies (D:4)
  5 hound zombies (D:4)
  3 hound skeletons (D:4)
  A howler monkey skeleton (D:4)
  7 adders
  3 gnolls (D:5)
  A white imp (D:6)
  An ufetubus (D:4)
  An adder zombie (D:4)
  An adder skeleton (D:4)
  2 worms
  5 dart slugs
  12 orcs
  4 bats
  5 endoplasms
  A giant cockroach (D:3)
  5 hobgoblins
  2 jackals (D:3)
  6 quokkas
  3 ball pythons
  7 frilled lizards
  4 goblins
  A jackal zombie (D:4)
  11 kobolds
  A quokka zombie (D:4)
  6 rats
123 creatures vanquished.

Notes
Turn   | Place    | Note
-------+----------+-------------------------------------------
     0 | D:1      | Dirtsage the Merfolk Monk began the quest for the Orb.
     0 | D:1      | Reached XP level 1. HP: 18/18 MP: 1/1
   210 | D:1      | Found a faded altar of an unknown god.
   520 | D:1      | Reached XP level 2. HP: 24/24 MP: 2/2
   915 | D:2      | Reached skill level 4 in Long Blades
   952 | D:2      | Reached XP level 3. HP: 21/30 MP: 3/3
  1019 | D:2      | Found a sacrificial altar of Ru.
  1405 | D:3      | Reached XP level 4. HP: 17/37 MP: 4/4
  1603 | D:3      | You fall into a shaft and drop 1 floor!
  1658 | D:4      | Noticed a phantom
  1675 | D:4      | Reached skill level 5 in Dodging
  1675 | D:4      | Reached XP level 5. HP: 9/42 MP: 5/5
  2048 | D:4      | Reached skill level 5 in Long Blades
  2048 | D:4      | Reached XP level 6. HP: 38/49 MP: 6/6
  2825 | D:4      | Reached skill level 5 in Fighting
  3080 | D:4      | Reached XP level 7. HP: 56/56 MP: 7/7
  3084 | D:4      | Found a staircase to the Ecumenical Temple.
  3118 | Temple   | Entered the Ecumenical Temple
  3180 | Temple   | Became a worshipper of the Wu Jian Council
  3180 | Temple   | Reached * piety under Wu Jian
  3180 | Temple   | Reached ** piety under Wu Jian
  3226 | D:4      | Reached skill level 6 in Long Blades
  3524 | D:4      | Reached skill level 7 in Long Blades
  3619 | D:5      | Entered Level 5 of the Dungeon
  3691 | D:5      | Noticed Dowan
  3692 | D:5      | Noticed Duvessa
  3750 | D:5      | Reached XP level 8. HP: 55/64 MP: 8/8
  4101 | D:6      | Reached skill level 1 in Shields
  4564 | D:6      | Found a snail-covered altar of Cheibriados.
  4717 | D:6      | Identified the amulet of Ucaroite {Spirit Rampage Will++
                  | Int-3}
  5041 | D:5      | Gained mutation: You have supernaturally acute eyesight.
                  | (SInv) [potion of mutation]
  5041 | D:5      | Gained mutation: Your muscles are strong. (Str +4, Int/Dex
                  | -1) [potion of mutation]
  5041 | D:5      | Lost mutation: You have supernaturally acute eyesight.
                  | (SInv) [potion of mutation]
  5063 | D:5      | Killed Dowan
  5066 | D:5      | Killed Duvessa
  5067 | D:5      | Reached skill level 8 in Long Blades
  5186 | D:5      | Lost mutation: Your muscles are strong. (Str +4, Int/Dex
                  | -1) [potion of mutation]
  5186 | D:5      | Gained mutation: You are vulnerable to heat. (rF-) [potion
                  | of mutation]
  5186 | D:5      | Gained mutation: You occasionally shout uncontrollably at
                  | your foes. [potion of mutation]
  5187 | D:5      | Lost mutation: You are vulnerable to heat. (rF-) [potion of
                  | mutation]
  5187 | D:5      | Lost mutation: You occasionally shout uncontrollably at
                  | your foes. [potion of mutation]
  5187 | D:5      | Gained mutation: Potions are less effective at restoring
                  | your health. [potion of mutation]
  5187 | D:5      | Gained mutation: You are partially covered in large bone
                  | plates. (SH +4) [potion of mutation]
  5187 | D:5      | Gained mutation: Your magical capacity is low. (-10% MP)
                  | [potion of mutation]
  5187 | D:5      | Gained mutation: You passively dampen the noise of your
                  | surroundings. [potion of mutation]
  5690 | D:5      | Found a runed translucent door.
  5691 | D:5      | Noticed Crazy Yiuf
  5698 | Abyss:1  | Cast into level 1 of the Abyss (Crazy Yiuf)
  5707 | Abyss:1  | Noticed a smoke demon
  5707 | Abyss:1  | Noticed a large abomination
  5707 | Abyss:1  | Noticed a hell hog
  5707 | Abyss:1  | Noticed a profane servitor
  5707 | Abyss:1  | Noticed an efreet
  5708 | Abyss:1  | Noticed a white ugly thing
  5708 | Abyss:1  | Noticed an angel
  5709 | Abyss:1  | Noticed a rakshasa
  5710 | Abyss:1  | Killed an unseen horror
  5710 | Abyss:1  | Slain by a profane servitor

Illustrated notes

Levels and vault maps discovered:
D:1:      shiori_arrival_elements, layout_basic,
          shapermc_ecumenical_altar_mp_vishouse
D:2:      layout_basic, basic_altar, hangedman_decor_push,
          nicolae_kite_square_tiling_tiny
D:3:      layout_loops_cross
D:4:      layout_basic, minmay_temple_entry_crystal_x, serial_undead,
          serial_undead_c, serial_undead_d, serial_undead_a, serial_undead_d,
          serial_undead_a, serial_undead_c, serial_undead_a, serial_undead_e,
          bh_walls_and_bars
D:5:      layout_rooms, nicolae_nh_ransacked_shop, uniq_duvessa,
          uniq_crazy_yiuf_cottage
D:6:      layout_rooms, kennysheep_mini_moat
Temple:   dpeg_chambers_temple
Abyss:1:  base: D:4, hangedman_classic_abyss_death

Skill      XL: |  1  2  3  4  5  6  7  8 |
---------------+-------------------------+-----
Long Blades    | 4 5 7 8 |  8.5
Stealth        | 3 4 |  4.5
Fighting       | 4 5 6 |  6.5
Dodging        | 5 6 7 |  7.8
Shields        | 3 |  3.4

Action                     |  1- 3 |  4- 6 |  7- 9 || total
---------------------------+-------+-------+-------++-------
  Melee: Falchion          |    75 |   229 |   421 ||   725
         Punch             |       |     1 |     9 ||    10
Ability: Whirlwind         |       |       |    92 ||    92
         Lunge             |       |       |    16 ||    16
  Evoke: Wand              |       |       |     1 ||     1
    Use: Potion            |       |       |     6 ||     6
   Stab: Sleeping          |     8 |     8 |     5 ||    21
         Distracted        |     1 |       |       ||     1
 Armour: Robe              |    16 |    12 |       ||    28
         Leather armour    |       |    41 |       ||    41
         Ring mail         |       |       |    76 ||    76
         Skin              |       |       |    13 ||    13
  Dodge: Dodged            |    51 |   201 |   257 ||   509
  Block: Other             |       |       |    12 ||    12

Table legend: (Time is in decaauts)
 A = Elapsed time spent in this place.
 B = Non-inter-level travel time spent in this place.
 C = Inter-level travel time spent in this place.
 D = Time resting spent in this place.
 E = Time spent auto-exploring this place.
 F = Levels seen in this place.
 G = Mean time per level.
                   A        B        C        D        E       F      G
               +--------+--------+--------+--------+--------+-----+--------+
         Total |   5703 |   5420 |    283 |    394 |   3672 |   8 |  712.9 |
       Dungeon |   5616 |   5355 |    261 |    394 |   3624 |   6 |  936.0 |
        Temple |     75 |     53 |     22 |      0 |     48 |   1 |   75.0 |
         Abyss |     11 |     11 |      0 |      0 |      0 |   1 |   11.0 |
               +--------+--------+--------+--------+--------+-----+--------+

Top non-repeatable levels by time:
     D:4: 1307 daAuts
     D:5: 1118 daAuts
     D:3: 906 daAuts
     D:6: 901 daAuts
     D:2: 825 daAuts
     D:1: 557 daAuts
  Temple: 75 daAuts
 Abyss:1: 11 daAuts
